AoeStats
← 乔木

Nomad

507687995Analyzed
3v3 RM · 13d ago on Sep 19, 2026· 61m 1s· 6 players
Game mode
Random Map
Map size
210×210
Population
200
Speed
Normal
Resources
Standard
Victory
Conquest
Starting age
Dark Age
Ending age
Imperial Age
RankedLock teamsTeams togetherTeam positionsShared explorationLock speedFull tech treeHidden civsTurbo modeCheats
Victory
Defeat
🇦🇺 Persians · Australia
784
+19
🇦🇺 Shu · Australia
742
+20
🇮🇹 Ethiopians · Italy
735
+20
🇨🇳 Sicilians · China
853
-20
🇨🇳 Celts · China
851
-20
🇨🇳 Bulgarians · China
812
-19
dirtyhazz
10:24 Loom
12:56 Feudal Age
14:28 Man-at-Arms
15:14 Arson
22:41 Castle Age
28:37 Wheelbarrow
30:23 Double-Bit Axe
32:06 Gold Mining
32:23 Fishing Lines
34:05 Kamandaran
34:56 Fletching
35:56 Bow Saw
36:20 Crossbowman
37:05 Thumb Ring
39:48 Bodkin Arrow
39:54 Padded Archer Armor
45:20 Imperial Age
44:16 Hand Cart
46:01 Conscription
47:34 Chemistry
50:01 Murder Holes
51:42 Scale Barding Armor
55:36 Gold Shaft Mining
56:07 Two-Man Saw
54:51 Horse Collar
55:49 Bloodlines
57:48 Ballistics
57:42 Masonry
58:56 Leather Archer Armor
TownsVanFran
3:44 Loom
16:09 Feudal Age
16:50 Double-Bit Axe
17:50 Wheelbarrow
22:51 Padded Archer Armor
26:50 Castle Age
24:53 Gold Mining
25:41 Horse Collar
26:21 Arson
26:52 Light Cavalry
27:51 Bow Saw
28:56 Crossbowman
30:39 Gold Shaft Mining
31:46 Thumb Ring
36:15 Gambesons
37:18 Man-at-Arms
37:59 Squires
46:00 Husbandry
52:43 Hand Cart
53:02 Scale Barding Armor
60:07 Scale Mail Armor
60:18 Forging
60:37 Fishing Lines
Velox_M_B
5:11 Loom
15:59 Feudal Age
16:53 Double-Bit Axe
17:01 Gold Mining
19:11 Fishing Lines
20:00 Fletching
25:01 Castle Age
25:08 Crossbowman
25:56 Thumb Ring
25:59 Bodkin Arrow
26:46 Wheelbarrow
28:55 Padded Archer Armor
28:48 Gillnets
30:37 Ballistics
32:53 Murder Holes
35:22 Gold Shaft Mining
35:58 Hand Cart
36:51 Town Watch
40:38 Squires
40:23 Arson
40:29 Horse Collar
46:28 Imperial Age
44:07 Husbandry
44:22 Forging
44:23 Stone Mining
44:52 Medium Warships
45:02 Royal Heirs
45:30 Bow Saw
47:40 Heavy Warships
48:22 Two-Man Saw
48:38 Chemistry
47:41 Bracer
48:22 Conscription
48:33 Elite Shotel Warrior
52:50 Iron Casting
52:28 Elite Skirmisher
57:04 Arbalester
帅气的酷酷
4:55 Loom
17:09 Feudal Age
21:57 Stone Mining
乔木
15:43 Feudal Age
24:12 Castle Age
22:46 Double-Bit Axe
22:49 Fishing Lines
23:27 Gold Mining
23:32 Stone Mining
26:42 Bow Saw
26:45 Horse Collar
28:14 Gambesons
章鱼哥
16:21 Feudal Age
14:39 Loom
22:49 Castle Age
22:12 Fishing Lines
25:57 Wheelbarrow
25:17 Double-Bit Axe
25:57 Gillnets
27:10 Forging
27:01 Scale Mail Armor
27:08 Pikeman
27:35 Gambesons
27:36 Arson
32:25 Iron Casting
32:05 Chain Mail Armor
36:05 Hand Cart
57:22 Imperial Age
59:54 Imperial Age
58:16 Stronghold
Connection lost

Rejoining the realm…

Still unreachable

The connection could not be restored.

Session expired

The server has moved on; the page needs a fresh start.